 Dungeon Crawl Stone Soup version 0.28-a0-445-g51f8dfeb47 (webtiles) character file.

Game seed: 18399019767752200701

1462 Conn the Firebug (level 8, -2/46 (47) HPs)
             Began as an Octopode Fire Elementalist on Sept 12, 2021.
             Slain by a necrophage (6 damage)
             ... on level 6 of the Dungeon.
             The game lasted 00:16:38 (6790 turns).

Conn the Firebug (Octopode Fire Elementalist)       Turns: 6790, Time: 00:16:39

HP:   -2/46 (47)    AC:  2    Str:  8    XL:     8   Next: 77%
MP:   13/16         EV: 13    Int: 19    God:
Gold: 58            SH:  0    Dex: 12    Spells: 0/17 levels left

rFire   . . .      SeeInvis .   j - +1 dagger (protect)
rCold   . . .      Faith    .   (no shield)
rNeg    . . .      Spirit   .   w - +1 hat
rPois   .          Reflect  .   (no amulet)
rElec   .          Harm     .   b - ring of fire
rCorr   .          Rampage  .   a - ring of ice
Will    +....                   i - ring of willpower
Stlth   ++++......              (no ring)
HPRegen 0.15/turn               (no ring)
MPRegen 0.15/turn               (no ring)
                                (no ring)
                                (no ring)

@: brilliant, lightly drained
A: almost no armour, amphibious, 8 rings, camouflage 1, gelatinous body 1,
(nimble swimmer 1), tentacles
a: no special abilities


You were on level 6 of the Dungeon.
You visited 1 branch of the dungeon, and saw 6 of its levels.

You collected 226 gold pieces.
You spent 168 gold pieces at shops.

Inventory:

Hand Weapons
 d - a +0 dagger
 j - a +1 dagger of protection (weapon)
Armour
 w - a +1 hat (worn)
Jewellery
 a - a ring of ice (right tentacle)
 b - a ring of fire (left tentacle)
 i - a ring of willpower (on tentacle)
Wands
 s - a wand of digging (13)
Scrolls
 c - 2 scrolls of immolation {unknown}
 g - a scroll of teleportation {unknown}
 h - 2 scrolls of silence {unknown}
 m - a scroll of fear {unknown}
 n - 3 scrolls of identify {unknown}
 o - a scroll of fog {unknown}
 q - a scroll of holy word {unknown}
 r - a scroll of vulnerability {unknown}
 t - 2 scrolls of noise {unknown}
 v - a scroll of brand weapon {unknown}
Potions
 e - 2 potions of berserk rage {unknown}
 f - a potion of curing {unknown}
 k - 4 potions of brilliance
 l - 2 potions of mutation {unknown}
 p - 3 potions of heal wounds {unknown}
 u - 2 potions of flight {unknown}


   Skills:
 + Level 0.8 Fighting
 + Level 0.6 Short Blades
 + Level 2.8 Dodging
 + Level 4.3 Stealth
 + Level 5.4 Spellcasting
 + Level 4.9 Conjurations
 + Level 0.9 Hexes
 + Level 6.4 Fire Magic
 * Level 1.5 Air Magic
 * Level 2.0 Poison Magic


You couldn't memorise any spells.
You knew the following spells:

 Your Spells              Type           Power      Damage    Failure   Level
a - Foxfire               Conj/Fire      100%       2x1d9     1%          1
b - Conjure Flame         Conj/Fire      57%        6-21      3%          3
c - Inner Flame           Hex/Fire       43%        N/A       8%          3
d - Flame Wave            Conj/Fire      57%        3d10      12%         4
e - Mephitic Cloud        Conj/Pois/Air  23%        N/A       11%         3
f - Ignite Poison         Fire/Tmut/Pois 35%        N/A       11%         3

Your spell library contained the following spells:

 Spells                   Type           Power      Damage    Failure   Level
 Magic Dart               Conj           100%       1d8       1%          1
 Scorch                   Fire           100%       2d10      1%          2
 Shock                    Conj/Air       100%       1d9       3%          1
 Sandblast                Erth           14%        2d6       12%         1
 Slow                     Hex            13%        N/A       12%         2
 Stone Arrow              Conj/Erth      42%        3d9       13%         3
 Call Imp                 Summ           7%         N/A       19%         2
 Passwall                 Tmut/Erth      5%         N/A       19%         2
 Swiftness                Air            16%        N/A       19%         3
 Confusing Touch          Hex            13%        N/A       24%         3
 Hailstorm                Conj/Ice       32%        3d8       38%         4
 Airstrike                Air            8%         N/A       52%         4
 Ice Form                 Ice/Tmut       11%        N/A       75%         4
 Freezing Cloud           Conj/Ice/Air   15%        6-21      80%         5
 Yara's Violent Unravell  Hex/Tmut       5%         3d4       95%         5
 Simulacrum               Ice/Necr       5%         N/A       100%        6


Dungeon Overview and Level Annotations

Branches:
Dungeon (6/15)
 Temple: D:4-7

Altars:
Ashenzari
Elyvilon
Hepliaklqana
Makhleb
Ru

Shops:
D:2 =   D:4 *

Annotations:
D:3 3 runed translucent doors, TZer0's ghost, amateur VSBe
D:6 Grinder


Innate Abilities, Weirdness & Mutations

You cannot wear most types of armour.
You are amphibious.
You can wear up to eight rings at the same time.
Your skin changes colour to match your surroundings (Stealth+).
Your rubbery body absorbs attacks. (AC +1, EV +1)
((You are camouflaged near water. (Stealth+)))
You have tentacles for arms and can constrict up to eight enemies at once.


Message History

The orc wizard mumbles some strange words.
The orc wizard flickers and vanishes!
Deactivating autopickup; reactivate with Ctrl-A.
Okay, then.
Unknown command.
Grinder hits you!
An orc comes into view. It is wielding a +0 whip.
The orc hits you with a +0 dagger.
Unknown command.
Really wriggle into that dispersal trap?
You enter a dispersal trap!
Grinder blinks!
The orc blinks!
The necrophage blinks!
Grinder blinks!
The orc blinks! x2; You blink.
An ice beast comes into view.
Something hits you.
An adder comes into view.
The necrophage hits you.
You feel drained.
Unknown command.
Okay, then.
Okay, then.
Unknown command.
Unknown command.
Unknown command.
The orc shouts!
A kobold comes into view. It is wielding a +0 club.
A magic dart appears from out of thin air!
The magic dart hits you.
The adder hisses angrily.
A kobold brigand comes into view.
It is wielding a +0 whip and quivering poisoned darts.
Okay, then.
Sorry, you're not good enough to have a special ability.
Unknown command.
It was a potion of brilliance.
You feel clever all of a sudden. The ice beast hits you.
* * * LOW HITPOINT WARNING * * *
The ice beast freezes you!
* * * LOW HITPOINT WARNING * * *
A kobold comes into view. It is wielding a +0 club.
The necrophage hits you.
You die...

...##
##...............
..##
#................#
.##
##...^............#
##
#.................#
#................#
#...........o....#
#................#
###.......oSn....#
###......Y@....#
#$..........##
#..........##
........##### ###
.###..... ...
...##.. ## ... .#
..


K You could see an ice beast, a necrophage, an adder, 2 orcs and a kobold
(wandering).

Vanquished Creatures
  A troll (D:5)
  Duvessa (D:6)
  An orc warrior (D:6)
  A sky beast (D:6)
  3 necrophages
  A centaur (D:5)
  2 scorpions
  Dowan (D:6)
  A hound (D:5)
  A jelly (D:4)
  2 orc priests
  A bullfrog skeleton (D:5)
  3 iguanas
  An orc wizard (D:5)
  A hound skeleton (D:4)
  A howler monkey zombie (D:6)
  4 gnolls (D:3)
  3 adders
  A white imp (D:6)
  3 worms
  A dart slug (D:2)
  6 orcs
  9 ball pythons
  7 endoplasms
  2 giant cockroaches (D:2)
  9 goblins
  8 hobgoblins
  4 jackals (D:5)
  9 kobolds
  4 quokkas
  3 bats
  5 rats
100 creatures vanquished.

Vanquished Creatures (collateral kills)
  A foxfire (D:3)
1 creature vanquished.

Vanquished Creatures (others)
  337 foxfires
  3 fungi (D:3)
  A plant (D:3)
341 creatures vanquished.

Grand Total: 442 creatures vanquished

Notes
Turn   | Place    | Note
-------+----------+-------------------------------------------
     0 | D:1      | Conn the Octopode Fire Elementalist began the quest for the
                  | Orb.
     0 | D:1      | Reached XP level 1. HP: 11/11 MP: 3/3
    96 | D:1      | Reached XP level 2. HP: 12/17 MP: 0/5
  1039 | D:1      | Reached XP level 3. HP: 21/21 MP: 4/6
  1076 | D:1      | You fall into a shaft and drop 1 floor!
  1093 | D:2      | Learned a level 3 spell: Conjure Flame
  1701 | D:2      | Found Ehic's Jewellery Emporium.
  2278 | D:2      | Found a faded altar of an unknown god.
  2485 | D:3      | Learned a level 3 spell: Inner Flame
  2496 | D:3      | Reached XP level 4. HP: 27/27 MP: 0/7
  2521 | D:3      | Found a burning altar of Makhleb.
  3103 | D:3      | Noticed TZer0's ghost (amateur VSBe)
  3103 | D:3      | Noticed a kobold brigand
  3104 | D:3      | Found a runed translucent gate.
  3104 | D:3      | Found a runed translucent gate.
  3104 | D:3      | Found a runed translucent gate.
  3293 | D:3      | Noticed a necrophage
  3307 | D:3      | Killed a necrophage
  3308 | D:3      | Reached XP level 5. HP: 24/32 MP: 4/10
  3443 | D:3      | Reached skill level 4 in Fire Magic
  3461 | D:3      | Found a broken altar of Ashenzari.
  3795 | D:4      | Reached XP level 6. HP: 6/37 MP: 1/11
  4267 | D:4      | Found Duimut's Assorted Antiques.
  4351 | D:4      | Found a sacrificial altar of Ru.
  4828 | D:4      | Found a white marble altar of Elyvilon.
  4884 | D:4      | Found a hazy altar of Hepliaklqana.
  4992 | D:5      | Entered Level 5 of the Dungeon
  5001 | D:5      | Reached XP level 7. HP: 41/42 MP: 5/12
  5006 | D:5      | Reached skill level 5 in Fire Magic
  5334 | D:4      | Bought an embroidered hat for 168 gold pieces
  5635 | D:6      | Noticed a troll
  5655 | D:5      | Killed a troll
  5656 | D:5      | Reached skill level 6 in Fire Magic
  5656 | D:5      | Reached XP level 8. HP: 9/47 MP: 3/15
  5921 | D:6      | Noticed Duvessa
  5921 | D:6      | Noticed Dowan
  5930 | D:5      | Reached skill level 5 in Spellcasting
  6154 | D:5      | Learned a level 4 spell: Flame Wave
  6158 | D:5      | Learned a level 3 spell: Mephitic Cloud
  6162 | D:5      | Learned a level 3 spell: Ignite Poison
  6357 | D:6      | Killed Duvessa
  6358 | D:6      | Reached skill level 1 in Poison Magic
  6603 | D:6      | Killed Dowan
  6604 | D:6      | Reached skill level 1 in Air Magic
  6774 | D:6      | Noticed Grinder
  6790 | D:6      | Slain by a necrophage

Illustrated notes

Levels and vault maps discovered:
D:1:      minmay_arrival_semitransparent, layout_basic
D:2:      layout_basic, serial_shops, nicolae_lakefront_shop,
          dreamdust_ecumenical_altar_statues
D:3:      layout_loops_corners, cheibrodos_ashenzari_chains,
          mainiacjoe_overflow_boulevard, gammafunk_ghost_nasty_kobolds
D:4:      layout_basic, lemuel_tele_altar, nicolae_hepliaklqana_hippocampus,
          mainiacjoe_overflow_catwalk, serial_shops, shop
D:5:      layout_rooms, due_unseen_surprise
D:6:      layout_cave_pods, marbit_many_paths,
          gammafunk_temple_overflow_elements, uniq_duvessa, uniq_grinder

Skill      XL: |  1  2  3  4  5  6  7  8 |
---------------+-------------------------+-----
Stealth        | 3 4 |  4.3
Conjurations   | 2 3 4 |  4.9
Spellcasting   | 3 4 5 |  5.4
Fire Magic     | 4 6 |  6.4
Poison Magic   | 2 |  2.0
Air Magic      | 1 |  1.5
Fighting       | |  0.8
Short Blades   | |  0.6
Dodging        | |  2.8
Hexes          | |  0.9

Action                   |  1- 3 |  4- 6 |  7- 9 || total
-------------------------+-------+-------+-------++-------
Melee: Unarmed           |    10 |       |       ||    10
       Constrict         |     7 |     7 |     4 ||    18
       Tentacles         |     6 |     8 |     2 ||    16
       Dagger            |    15 |    21 |     8 ||    44
 Cast: Foxfire           |    59 |    63 |    76 ||   198
       Inner Flame       |       |     1 |     5 ||     6
Evoke: Wand              |       |       |     1 ||     1
  Use: Potion            |       |       |     1 ||     1
 Stab: Sleeping          |       |     2 |       ||     2
Armor: Skin              |     1 |     2 |     5 ||     8
Dodge: Dodged            |    18 |    10 |    18 ||    46

Table legend: (Time is in decaauts)
 A = Elapsed time spent in this place.
 B = Non-inter-level travel time spent in this place.
 C = Inter-level travel time spent in this place.
 D = Time resting spent in this place.
 E = Time spent auto-exploring this place.
 F = Levels seen in this place.
 G = Mean time per level.
                   A        B        C        D        E       F      G
               +--------+--------+--------+--------+--------+-----+--------+
         Total |   6790 |   6667 |    123 |    395 |   4921 |   6 | 1131.7 |
       Dungeon |   6790 |   6667 |    123 |    395 |   4921 |   6 | 1131.7 |
               +--------+--------+--------+--------+--------+-----+--------+

Top non-repeatable levels by time:
     D:3: 1366 daAuts
     D:1: 1318 daAuts
     D:5: 1299 daAuts
     D:4: 1232 daAuts
     D:2: 1088 daAuts
     D:6: 486 daAuts
